 Dungeon Crawl Stone Soup version 0.31.0-2-g5a2aebc5c2 (webtiles) character file.

Game seed: 273149911758379668

991 EnegeticOcto the Chopper (level 7, -3/63 HPs)
             Began as a Minotaur Fighter on Jan 20, 2024.
             Was a Priest of Okawaru.
             Slain by a troll (9 damage)
             ... on level 6 of the Dungeon.
             The game lasted 00:01:59 (3942 turns).

EnegeticOcto the Chopper (Minotaur Fighter)         Turns: 3942, Time: 00:02:00

Health: -3/63      AC: 14    Str: 23    XL:     7   Next: 98%
Magic:  6/6        EV:  6    Int:  5    God:    Okawaru [***...]
Gold:   231        SH:  5    Dex:  9    Spells: 6/6 levels left

rFire   . . .        a - +1 war axe
rCold   . . .        c - +0 buckler
rNeg    . . .        q - +0 plate armour
rPois   .            (helmet restricted)
rElec   .            e - +0 cloak
rCorr   .            (no gloves)
SInv    .            (no boots)
Will    .....        (no amulet) Stlth
                     (no ring)
HPRegen 0.30/turn    (no ring)
MPRegen 0.10/turn

%: no passive effects
@: no status effects
A: horns 2, retaliatory headbutt
a: Renounce Religion, Heroism


You were on level 6 of the Dungeon.
You worshipped Okawaru.
Okawaru was most pleased with you.
You visited 1 branch of the dungeon, and saw 6 of its levels.

You collected 231 gold pieces.

Inventory:

Hand Weapons
 a - a +1 war axe (weapon)
Armour
 b - a +0 scale mail
 c - a +0 buckler (worn)
 e - a +0 cloak (worn)
   (You found it on level 1 of the Dungeon)
 q - a +0 plate armour (worn)
   (You found it on level 3 of the Dungeon)
Jewellery
 k - a ring of positive energy
   (You found it on level 2 of the Dungeon)
Wands
 r - a wand of iceblast (5) {@v2}
   (You found it on level 3 of the Dungeon)
 s - a wand of mindburst (11)
   (You found it on level 5 of the Dungeon)
Scrolls
 h - a scroll of amnesia
 j - 2 scrolls of vulnerability
 l - 2 scrolls of noise
Potions
 d - a potion of might {@q3}
 f - 2 potions of heal wounds {@q2}
 g - a potion of berserk rage
 i - a potion of invisibility
 m - a potion of lignification
 n - 2 potions of haste {unknown}
 o - 2 potions of curing {unknown}
 p - 3 potions of mutation {unknown}
 t - a potion of brilliance {unknown}


   Skills:
 + Level 6.1 Fighting
 * Level 7.4 Axes
 + Level 6.1 Armour
 + Level 6.0 Shields


You had 6 spell levels left.
You didn't know any spells.
Your spell library was empty.

Dungeon Overview and Level Annotations

Branches:
Dungeon (6/15)
 Temple: D:4-7

Altars:
Elyvilon
Okawaru
Vehumet
Wu Jian

Shops:
D:2 :


Innate Abilities, Weirdness & Mutations

You have a pair of horns on your head.
You reflexively headbutt those who attack you in melee.


Message History

No target in view!
No target in view!
No target in view!
No target in view!
u - a scroll labelled VEDOUFYISK
There is a stone staircase leading down here.
There is a stone staircase leading down here.
Done exploring.
Done exploring.
Done exploring.
No target in view!
No target in view!
No target in view!
No target in view!
No target in view!
No target in view!
No target in view!
Done exploring.
Done exploring.
Done exploring.
Done exploring.
As you read the scroll labelled VEDOUFYISK, it dissolves into smoke.
It was a scroll of fog.
Unknown command.
There is a stone staircase leading down here.
You climb downwards.
There is a stone staircase leading up here.
Found a stone staircase leading down.
Found an escape hatch in the floor.
No target in view!
No target in view!
No target in view!
No target in view!
No target in view!
A sleepcap comes into view.
A sleepcap is nearby!
A sleepcap is nearby!
A sleepcap is nearby!
You block the sleepcap's attack.
There is a stone staircase leading down here.
You slash the sleepcap!
The sleepcap is heavily damaged.
The sleepcap completely misses you. You furiously retaliate!
You headbutt the sleepcap! You hit the sleepcap but do no damage.
You headbutt the sleepcap, but do no damage.
The sleepcap is almost destroyed.
The sleepcap releases spores at you but does no damage.
You slash the sleepcap!
You destroy the sleepcap!
Okawaru accepts your kill.
No target in view!
No target in view!
No target in view!
u - a scroll of identify {@r1} A troll comes into view.
The troll shouts!
As you read the scroll of identify {@r1}, it crumbles to dust.
m - a potion of lignification No target in view!
No target in view!
No target in view!
No target in view!
No target in view!
No target in view!
No target in view!
No target in view!
You hit the troll.
The troll is lightly wounded.
The troll bites you but does no damage. The troll claws you.
You block the troll's attack.
You slash the troll!
The troll is moderately wounded.
The troll bites you! The troll barely misses you. The troll claws you!
You slash the troll!
The troll is heavily wounded.
The troll bites you. The troll completely misses you.
You block the troll's attack.
You slash the troll!
The troll is severely wounded.
The troll bites you but does no damage. The troll claws you!
The troll claws you. The troll bites you. The troll claws you. x2
You are too injured to fight recklessly!
You are too injured to fight recklessly!
You are too injured to fight recklessly!
You are too injured to fight recklessly!
You are too injured to fight recklessly!
You are too injured to fight recklessly!
You are too injured to fight recklessly!
You are too injured to fight recklessly!
You closely miss the troll.
The troll is severely wounded.
The troll barely misses you. The troll claws you!
* * * LOW HITPOINT WARNING * * *
The troll claws you.
* * * LOW HITPOINT WARNING * * *
You slash the troll!
The troll is almost dead.
The troll barely misses you. The troll claws you!
You die...

#.#.##..#
## #.# #..#
#.#.##..#
#.#..<..#
#.####..#
#.......#
######.##
#.###....##
#...@.....#
###.T.###.#
.....### .#
##... .#
...#. .#
#...#. .#
...# #. ...
#.


You could see a troll.

Vanquished Creatures
  Eustachio (D:4)
  Duvessa (D:4)
  A centaur (D:5)
  A phantom (D:4)
  A scorpion (D:5)
  Dowan (D:4)
  4 bombardier beetles
  A jelly (D:5)
  2 sleepcaps
  Jessica (D:3)
  2 iguanas
  An orc wizard (D:5)
  4 adders
  A white imp (D:5)
  2 ufetubi (D:5)
  A ribbon worm (D:4)
  A dart slug (D:1)
  14 orcs
  8 endoplasms
  2 giant cockroaches
  6 goblins
  9 hobgoblins
  11 jackals
  8 kobolds
  A quokka (D:2)
  3 ball pythons
  7 bats
  3 frilled lizards
  3 rats (D:1)
101 creatures vanquished.

Notes
Turn   | Place    | Note
-------+----------+-------------------------------------------
     0 | D:1      | EnegeticOcto the Minotaur Fighter began the quest for the
                  | Orb.
     0 | D:1      | Reached XP level 1. HP: 19/19 MP: 0/0
    49 | D:1      | Reached XP level 2. HP: 27/27 MP: 1/1
    63 | D:1      | Reached skill level 3 in Axes
   128 | D:1      | Found a faded altar of an unknown god.
   146 | D:1      | Prayed at the altar of an unknown god.
   146 | D:1      | Became a worshipper of Warmaster Okawaru
   146 | D:1      | Reached * piety under Okawaru
   192 | D:1      | Reached XP level 3. HP: 31/32 MP: 2/2
   779 | D:2      | Found a radiant altar of Vehumet.
   882 | D:2      | Found Ogareaq's Book Shop.
  1152 | D:2      | You fall into a shaft and drop 2 floors!
  1318 | D:3      | Noticed Jessica
  1327 | D:3      | Reached XP level 4. HP: 23/40 MP: 3/3
  1329 | D:3      | Killed Jessica
  1330 | D:3      | Reached skill level 4 in Axes
  1518 | D:3      | Reached XP level 5. HP: 13/47 MP: 4/4
  2259 | D:4      | Noticed Duvessa
  2262 | D:4      | Noticed Dowan
  2266 | D:4      | Killed Duvessa
  2267 | D:4      | Reached skill level 5 in Axes
  2274 | D:4      | Killed Dowan
  2274 | D:4      | Reached ** piety under Okawaru
  2275 | D:4      | Reached skill level 5 in Armour
  2275 | D:4      | Reached XP level 6. HP: 26/55 MP: 5/5
  2394 | D:4      | Noticed Eustachio
  2411 | D:4      | Reached skill level 5 in Fighting
  2411 | D:4      | Reached skill level 5 in Shields
  2424 | D:4      | Killed Eustachio
  2425 | D:4      | Reached skill level 6 in Axes
  2425 | D:4      | Reached XP level 7. HP: 32/61 MP: 6/6
  3132 | D:4      | Found an ornate altar of the Wu Jian Council.
  3132 | D:4      | Found a white marble altar of Elyvilon.
  3251 | D:5      | Entered Level 5 of the Dungeon
  3526 | D:5      | Reached *** piety under Okawaru
  3527 | D:5      | Reached skill level 7 in Axes
  3932 | D:6      | Noticed a troll
  3942 | D:6      | Slain by a troll

Illustrated notes

Levels and vault maps discovered:
D:1:      dpeg_arrival_simpleton_b, layout_loops_ring, basic_ecumenical_altar,
          st_stairs_14, minmay_misc_feat_plants
D:2:      layout_rooms, serial_shops, nicolae_diamond_shop, basic_altar,
          serial_bayou_lagoon_a
D:3:      layout_loops_cross, nicolae_figureground_sparkle, uniq_jessica
D:4:      layout_basic, gammafunk_temple_overflow_wave, serial_bayou_pond_c,
          uniq_eustachio, uniq_duvessa
D:5:      layout_cave_pools
D:6:      layout_basic

Skill      XL: |  1  2  3  4  5  6  7 |
---------------+----------------------+-----
Axes           | 3 4 5 6 7 |  7.4
Shields        | 4 5 6 |  6.0
Armour         | 4 5 6 |  6.1
Fighting       | 4 5 6 |  6.1

Action                     |  1- 3 |  4- 6 |  7- 9 || total
---------------------------+-------+-------+-------++-------
  Melee: War axe           |    73 |    84 |    88 ||   245
         Headbutt          |    13 |    13 |    14 ||    40
    Use: Scroll            |       |     8 |     4 ||    12
 Armour: Scale mail        |    46 |    11 |       ||    57
         Plate armour      |       |    85 |   105 ||   190
  Dodge: Dodged            |    36 |    32 |    33 ||   101
  Block: Buckler           |    23 |    24 |    20 ||    67
